 Dungeon Crawl Stone Soup version 0.27-a0-345-g7370b58738 (webtiles) character file.

Game seed: 17643309897341643098

92 Chiseanne the Covert (level 4, -12/23 HPs)
             Began as a Spriggan Delver on Feb 15, 2021.
             Mangled by a mummy (19 damage)
             ... in an ossuary.
             The game lasted 00:04:50 (903 turns).

Chiseanne the Covert (Spriggan Delver)               Turns: 903, Time: 00:04:51

Health: -12/23     AC:  4    Str:  8    XL:     4   Next: 35%
Magic:  5/5        EV: 18    Int: 11    God:
Gold:   48         SH:  0    Dex: 17    Spells: 3/3 levels left

rFire    + . .     SeeInvis +   l - +10 hand axe of Absolution {venom, rPois rF+}
rCold    . . .     Faith    .   (shield restricted)
rNeg     . . .     Spirit   .   b - +0 robe
rPois    +         Reflect  .   (helmet restricted)
rElec    .         Harm     .   h - +1 cloak
rCorr    .         Rampage  .   (gloves unavailable)
Will     .....                  (boots unavailable)
Stlth    ++++......             (no amulet)
HPRegen  0.07/turn              (no ring)
MPRegen  0.09/turn              (no ring)

@: very quick
A: very small, unfitting armour, see invisible, speed 3
a: no special abilities


You were in an ossuary.
You visited 2 branches of the dungeon, and saw 5 of its levels.
You also visited: Ossuary.

You collected 48 gold pieces.

Inventory:

Hand Weapons
 a - a +0 short sword
 l - the +10 hand axe of Absolution (weapon) {venom, rPois rF+}
   (You found it on level 4 of the Dungeon)

   It poisons the flesh of those it strikes.
   It protects you from fire.
   It protects you from poison.
 q - a +0 dagger of speed
Missiles
 o - 9 poisoned darts (quivered)
 r - 27 bolts
Armour
 b - a +0 robe (worn)
 h - a +1 cloak (worn)
Jewellery
 t - a ring of resist corrosion {unknown}
Wands
 g - a wand of digging (3)
Scrolls
 c - a scroll of fog
 e - a scroll of fear
 j - a scroll of blinking
 k - a scroll of magic mapping
 p - a scroll of amnesia
Potions
 d - a potion of heal wounds {unknown}
 f - a potion of haste
 i - a potion of cancellation {unknown}
 m - a potion of mutation {unknown}
 n - a potion of lignification {unknown}
 s - a potion of might {unknown}


   Skills:
 - Level 2.4 Fighting
 - Level 2.1 Short Blades
 - Level 2.6 Dodging
 * Level 9.9 Stealth


You had 3 spell levels left.
You didn't know any spells.
Your spell library was empty.

Dungeon Overview and Level Annotations

Branches:
Dungeon (5/15)             Temple (1/1) D:4         Ossuary (1/1)

Altars:
Ashenzari
Cheibriados
Dithmenos
Elyvilon
Fedhas
Gozag
Hepliaklqana
Kikubaaqudgha
Makhleb
Nemelex Xobeh
Okawaru
Ru
Sif Muna
Trog
Uskayaw
Vehumet
Wu Jian
Xom
Yredelemnul
Zin
The Shining One


Innate Abilities, Weirdness & Mutations

You are very small and have problems with some larger weapons.
You are too small for most types of armour.
You have supernaturally acute eyesight. (SInv)
You cover ground extremely quickly.


Message History

There is a stone staircase leading down here.
You climb downwards.
You hear the hiss of flowing sand.
There is an entrance to an ossuary on this level.
Hurry and find it before the portal is buried!
You hear the rapid hiss of an avalanche of sand nearby.
There is a stone staircase leading up here.
An iguana comes into view.
The iguana hisses angrily.
Found a glowing dagger.
You slash the iguana!
The iguana looks as sick as possible!
The iguana is severely wounded.
The iguana barely misses you.
You barely miss the iguana.
The iguana is almost dead.
The iguana bites you.
You kill the iguana!
You have reached level 4!
You hear the rapid hiss of a distant avalanche of sand.
You see here a glowing dagger.
q - a glowing dagger
Found a glowing brown potion.
s - a glowing brown potion
Found a sand-covered staircase.
A hound skeleton comes into view.
There is an empty arch of ancient stone here.
There is a sand-covered staircase here.
The world spins around you as you enter the gateway.
You enter an ossuary!
A mummy comes into view.
There is an empty arch of ancient stone here.
You slash the mummy!
The mummy is heavily damaged.
The mummy hits you!
Ouch! That really hurt!
* * * LOW HITPOINT WARNING * * *
You hit the mummy.
The mummy is severely damaged.
The mummy hits you!!
Ouch! That really hurt!
You die...

##############
#∩....@M......
#.............
#..#####+###+#
#..# #..# #..+
#..# #..#


You could see a mummy.

Vanquished Creatures
  An iguana (D:4)
  A hound skeleton (D:4)
  An adder (D:3)
  A leopard gecko (D:3)
  11 orcs
  A ball python (D:3)
  2 bats (D:3)
  2 giant cockroaches (D:3)
  2 goblins (D:3)
  2 hobgoblins
  A frilled lizard (D:4)
  5 kobolds
  5 rats
35 creatures vanquished.

Notes
Turn   | Place    | Note
-------+----------+-------------------------------------------
     0 | D:5      | Chiseanne the Spriggan Delver began the quest for the Orb.
     0 | D:5      | Reached XP level 1. HP: 11/11 MP: 2/2
    79 | D:4      | Found a staircase to the Ecumenical Temple.
    96 | D:4      | Reached skill level 8 in Stealth
    96 | D:4      | Reached XP level 2. HP: 10/16 MP: 3/3
   107 | Temple   | Entered the Ecumenical Temple
   406 | D:4      | Got a bloodstained hand axe
   458 | D:4      | Identified the +10 hand axe of Absolution {venom, rPois
                  | rF+} (You found it on level 4 of the Dungeon)
   504 | D:4      | Reached XP level 3. HP: 18/19 MP: 4/4
   554 | D:3      | Reached skill level 9 in Stealth
   824 | D:4      | Reached XP level 4. HP: 16/23 MP: 5/5
   886 | D:4      | Found a sand-covered staircase.
   896 | Ossuary  | Entered an ossuary
   903 | Ossuary  | Mangled by a mummy

Illustrated notes

Levels and vault maps discovered:
D:2:      layout_basic, lemuel_doored_altar
D:3:      layout_rooms
D:4:      layout_layer_cave, minmay_temple_entry_statues_fountains,
          chequers_ossuary_entry_cave, gammafunk_ghost_smash
D:5:      layout_cave_pools, serial_shops, shop
Temple:   compressed_dpeg_circular_temple
Ossuary:  ossuary_boxes_badplayer

Skill      XL: |  1  2  3 |
---------------+----------+-----
Stealth        | 8 9 |  9.9
Fighting       | |  2.4
Short Blades   | |  2.1
Dodging        | |  2.6

Action                   |  1- 3 |  4- 6 || total
-------------------------+-------+-------++-------
Melee: Short sword       |    25 |       ||    25
       Hand axe          |    45 |     2 ||    47
  Use: Scroll            |     5 |       ||     5
 Stab: Sleeping          |     7 |       ||     7
Armor: Robe              |     7 |       ||     7
Dodge: Dodged            |    57 |       ||    57

Table legend: (Time is in decaauts)
 A = Elapsed time spent in this place.
 B = Non-inter-level travel time spent in this place.
 C = Inter-level travel time spent in this place.
 D = Time resting spent in this place.
 E = Time spent auto-exploring this place.
 F = Levels seen in this place.
 G = Mean time per level.
                   A        B        C        D        E       F      G
               +--------+--------+--------+--------+--------+-----+--------+
         Total |    676 |    661 |     15 |     61 |    121 |   6 |  112.7 |
       Dungeon |    517 |    502 |     15 |     61 |      0 |   4 |  129.2 |
        Temple |    153 |    153 |      0 |      0 |    121 |   1 |  153.0 |
       Ossuary |      5 |      5 |      0 |      0 |      0 |   1 |    5.0 |
               +--------+--------+--------+--------+--------+-----+--------+

Top non-repeatable levels by time:
     D:4: 284 daAuts
  Temple: 153 daAuts
     D:3: 152 daAuts
     D:2: 58 daAuts
     D:5: 22 daAuts
 Ossuary: 5 daAuts
